 Dungeon Crawl Stone Soup version 0.26-a0-362-g1d9a9cd4fa (webtiles) character file.

Game seed: 13001092665963019866

169 Gargoyl the Skirmisher (level 5, -1/44 HPs)
             Began as a Palentonga Abyssal Knight on July 18, 2020.
             Was a Believer of Lugonu.
             Slain by a wight
             ... wielding a +0 great sword
              (11 damage)
             ... on level 3 of the Dungeon.
             The game lasted 00:03:56 (2510 turns).

Gargoyl the Skirmisher (Palentonga Abyssal Knight)  Turns: 2510, Time: 00:03:57

Health: -1/44      AC:  8    Str: 15    XL:     5   Next: 25%
Magic:  6/7        EV:  2    Int: 12    God:    Lugonu [**....]
Gold:   143        SH:  0    Dex: 11    Spells: 4/4 levels left

rFire    . . .     SeeInvis +   g - +0 war axe
rCold    . . .     Faith    .   (no shield)
rNeg     . . .     Spirit   .   d - +0 plate armour
rPois    .         Reflect  .   (no helmet)
rElec    .         Harm     .   (no cloak)
rCorr    .                      (no gloves)
MR       .....                  (boots restricted)
Stlth    ..........             (no amulet)
HPRegen  0.14/turn              (no ring)
MPRegen  0.10/turn              (no ring)

@: lightly drained
A: large, rugged brown scales 3, see invisible, deformed body, roll, armoured
tail
a: Rolling Charge, Depart the Abyss, Bend Space, Renounce Religion


You were on level 3 of the Dungeon.
You worshipped Lugonu.
Lugonu was pleased with you.
You visited 1 branch of the dungeon, and saw 3 of its levels.
You visited the Abyss 1 time.

You collected 143 gold pieces.

Inventory:

Hand Weapons
 a - a +1 hand axe
 g - a +0 war axe (weapon)
Armour
 d - a +0 plate armour (worn)
Scrolls
 b - a scroll of fear
 c - 2 scrolls of identify
 e - a scroll of teleportation
 f - 2 scrolls of remove curse
 h - a scroll of blinking {unknown}


   Skills:
 + Level 3.8(3.2) Fighting
 + Level 3.1(2.6) Axes
 * Level 2.6(2.0) Armour
 * Level 1.6(1.1) Dodging
 * Level 2.9(2.3) Invocations


You had 4 spell levels left.
You didn't know any spells.
Your spell library was empty.

Dungeon Overview and Level Annotations

Branches:
Dungeon (3/15)

Altars:
Nemelex Xobeh


Innate Abilities, Weirdness & Mutations

You are completely covered in rugged brown scales. (AC +3, +7% HP)
You have supernaturally acute eyesight. (SInv)
Armour fits poorly on your strangely shaped body.
You can roll at foes to attack.
You have a long armoured tail.


Message History

You hit the wight.
The wight is moderately damaged.
The wight hits you with a +0 long sword.
You feel drained.
You closely miss the wight.
The wight is moderately damaged.
The wight hits you with a +0 long sword.
You feel drained.
* * * LOW HITPOINT WARNING * * *
The wight hits you but does no damage.
You slash the wight!
The wight is severely damaged.
The wight hits you with a +0 long sword.
* * * LOW HITPOINT WARNING * * *
You slash the wight!
You destroy the wight!
Lugonu accepts your kill.
You have reached level 5!
The wight hits you with a +0 great sword!
You die...

#.##############.....#####
########.##.................#
..................#####.###.#
..................#####.# #.#
..................#.....# #.#
.........##'#.......##### #.#
.........##.#.#############.#..
.........#.....#.z.z.)...$.....
.....###.#.>#..#@######...#.#.
########.#..#..#.######...#
............#..#....<.+...+
########...)#..#..#####z<.#
.....###....#..#..# #...#
.....+......#..#..# #...#
.....####...#..#.(# #..z#
...........(#..#..# #...#
.########..(####..########.


You could see 2 wights.

Vanquished Creatures
  2 wights (D:3)
  An adder (D:2)
  An ooze (D:2)
  2 worms (D:2)
  4 dart slugs
  2 leopard geckos
  An orc (D:2)
  4 giant cockroaches
  6 goblins
  8 hobgoblins
  4 jackals (D:2)
  8 kobolds
  A quokka (D:2)
  6 bats
  3 frilled lizards
  3 rats
56 creatures vanquished.

Notes
Turn   | Place    | Note
-------+----------+-------------------------------------------
     0 | Abyss:1  | Gargoyl the Palentonga Abyssal Knight began the quest for
                  | the Orb.
     0 | Abyss:1  | Reached XP level 1. HP: 19/19 MP: 2/2
   145 | Abyss:1  | Noticed a starcursed mass
   155 | D:1      | Escaped the Abyss
   608 | D:1      | Reached skill level 1 in Dodging
   608 | D:1      | Reached XP level 2. HP: 25/25 MP: 3/3
   670 | D:1      | Reached * piety under Lugonu
   938 | D:1      | Reached XP level 3. HP: 31/31 MP: 4/4
  1607 | D:2      | Reached XP level 4. HP: 28/38 MP: 5/5
  1777 | D:2      | Reached ** piety under Lugonu
  2178 | D:2      | Found a sparkling altar of Nemelex Xobeh.
  2505 | D:3      | Reached XP level 5. HP: 9/44 MP: 5/7
  2510 | D:3      | Slain by a wight

Illustrated notes

Levels and vault maps discovered:
D:1:      sevenhm_arrival_forest_fort_small_4, layout_loops_ring
D:2:      layout_basic, minivault_27, minivault_23, nemelex_dance_club_becter
D:3:      layout_basic

Skill      XL: |  1  2  3  4 |
---------------+-------------+-----
Dodging        | 1 |  1.6
Armour         | 2 |  2.6
Axes           | 3 |  3.1
Fighting       | |  3.8
Invocations    | |  2.9

Action                   |  1- 3 |  4- 6 || total
-------------------------+-------+-------++-------
Melee: Hand axe          |    79 |       ||    79
       Tailslap          |    12 |     5 ||    17
       War axe           |    31 |    56 ||    87
Invok: Depart the Abyss  |     1 |       ||     1
 Abil: Rolling Charge    |    24 |     6 ||    30
  Use: Scroll            |     4 |     3 ||     7
Armor: Plate armour      |    95 |    42 ||   137
Dodge: Dodged            |    15 |     4 ||    19

Table legend:
 A = Non-vault XP
 B = Vault XP
 C = Vault XP percentage of total XP
 D = Non-vault monster count
 E = Vault monster count
 F = Vault count percentage of total count
                 A         B        C        D         E       F
            +---------+---------+-------+---------+---------+-------
      Total |     232 |      10 |   4.1 |      54 |       2 |   3.6
            +---------+---------+-------+---------+---------+-------
        D:1 |      51 |       0 |   0.0 |      25 |       0 |   0.0
        D:2 |      59 |      10 |  14.5 |      22 |       2 |   8.3
        D:3 |     122 |       0 |   0.0 |       7 |       0 |   0.0
            +---------+---------+-------+---------+---------+-------
